 Dungeon Crawl Stone Soup version 0.31-a0-233-g139696dc86 (webtiles) character file.

Game seed: 11297604968943616254

28 qw the Shooter (level 2, 0/24 HPs)
             Began as a Minotaur Hexslinger on July 7, 2023.
             Slain by an orc
             ... wielding a +0 whip
              (2 damage)
             ... on level 2 of the Dungeon.
             The game lasted 00:00:17 (797 turns).

qw the Shooter (Minotaur Hexslinger)                 Turns: 797, Time: 00:00:17

Health: 0/24       AC:  5    Str: 12    XL:     2   Next: 96%
Magic:  2/2        EV: 10    Int: 10    God:
Gold:   56         SH:  0    Dex: 12    Spells: 2/3 levels left

rFire   . . .        Y - +1 sling
rCold   . . .        (no shield)
rNeg    . . .        d - +0 ring mail
rPois   .            (helmet restricted)
rElec   .            (no cloak)
rCorr   +            (no gloves)
SInv    .            (no boots)
Will    .....        (no amulet)
Stlth   +            e - ring of resist corrosion
HPRegen 0.24/turn    (no ring)
MPRegen 0.08/turn

%: no passive effects
@: no status effects
A: horns 2, retaliatory headbutt
a: no special abilities


You were on level 2 of the Dungeon.
You visited 1 branch of the dungeon, and saw 2 of its levels.

You collected 56 gold pieces.


Innate Abilities, Weirdness & Mutations

You have a pair of horns on your head.
You reflexively headbutt those who attack you in melee.


   Skills:
 - Level 2.0 Fighting
 + Level 3.5 Ranged Weapons
 - Level 2.1 Dodging
 - Level 1.0 Spellcasting
 - Level 2.0 Hexes


You had 2 spell levels left.
You knew the following spells:

 Your Spells              Type           Power      Damage    Failure   Level
a - Slow                  Hex            16%        N/A       34%         1

Your spell library contained the following spells:

 Spells                   Type           Power      Damage    Failure   Level
 Inner Flame              Hex/Fire       2%         N/A       83%         3
 Portal Projectile        Hex/Tloc       4%         N/A       83%         3
 Cause Fear               Hex            2%         N/A       98%         4

Inventory:

Hand Weapons
 Y - a +1 sling (weapon)
Armour
 d - a +0 ring mail (worn)
Jewellery
 e - a ring of resist corrosion (left hand)
Scrolls
 j - a scroll of teleportation
Potions
 f - a potion of curing {unknown}
 h - a potion of berserk rage {unknown}

Dungeon Overview and Level Annotations

Branches:
Dungeon (2/15)

Altars:


Message History

An orc is wielding a +2 hand axe of flaming.
The orc shouts!
The giant cockroach waves its antennae.
An orc comes into view. It is wielding a +0 whip.
The orc moves out of view.
You shoot a sling bullet. The orc shouts!
The sling bullet hits the giant cockroach.
The giant cockroach is heavily wounded.
An orc priest comes into view. It is wielding a +0 club.
You shoot a sling bullet.
The sling bullet closely misses the giant cockroach.
The sling bullet closely misses the orc.
The orc priest shouts!
You shoot a sling bullet.
The sling bullet hits the giant cockroach.
The giant cockroach is almost dead.
The giant cockroach closely misses you.
You shoot a sling bullet.
The sling bullet hits the giant cockroach!
You kill the giant cockroach!
An orc comes into view. It is wielding a +0 mace.
You shoot a sling bullet. The sling bullet barely misses the orc.
The sling bullet barely misses the orc priest.
The orc shouts!
The orc barely misses you.
You shoot a sling bullet.
The sling bullet closely misses the orc.
The orc hits you with a +0 war axe. The orc barely misses you.
You shoot a sling bullet. The sling bullet barely misses the orc.
The orc barely misses you. You furiously retaliate!
You headbutt the orc, but do no damage. The orc barely misses you.
The orc hits you with a +2 hand axe of flaming.
The orc burns you.
You shoot a sling bullet. The sling bullet barely misses the orc.
The orc priest mumbles some strange prayers to Beogh against you.
Beogh smites you!
Ouch! That really hurt!
The orc hits you with a +0 war axe. The orc hits you with a +0 whip.
You die...

#.# #...).....
~... #.##.#
#.######## ....
#.##.# #.# .....
#.##.# #.# .....
#.##.# #.#
~...o.#.##.# #.#
......#.##.# #.#
.....ooo...####.#
#.....o@.#......#
#################


You could see an orc priest and 4 orcs.

Vanquished Creatures
  An adder (D:2)
  A dart slug (D:1)
  2 endoplasms (D:1)
  2 giant cockroaches
  A hobgoblin (D:1)
  A kobold (D:2)
  A quokka (D:2)
  A ball python (D:1)
  2 bats (D:1)
  3 frilled lizards (D:1)
  2 rats (D:1)
17 creatures vanquished.

Notes
Turn   | Place    | Note
-------+----------+-------------------------------------------
     0 | D:1      | qw the Minotaur Hexslinger began the quest for the Orb.
     0 | D:1      | Reached XP level 1. HP: 16/16 MP: 1/1
     0 | D:1      | 0 ||| qw: Version: 0.3-a-46-gb1f654a
     0 | D:1      | 0 ||| qw: Game counter: 3321
     0 | D:1      | 0 ||| qw: Melee chars always use a shield: true
     0 | D:1      | 0 ||| qw: God list: Okawaru
     0 | D:1      | 0 ||| qw: Allow faded altars: false
     0 | D:1      | 0 ||| qw: Do Orc after clearing Dungeon:15 true
     0 | D:1      | 0 ||| qw: Do second Lair branch before Depths: true
     0 | D:1      | 0 ||| qw: Lair rune preference: random
     0 | D:1      | 0 ||| qw: Goals: Normal
     0 | D:1      | 0 ||| PLANNING D:1-11
   143 | D:1      | Reached skill level 3 in Ranged Weapons
   148 | D:1      | Reached XP level 2. HP: 23/23 MP: 2/2
   623 | D:1      | 623 ||| UPGRADING to +0 ring mail.
   633 | D:1      | 633 ||| DROPPING +0 robe.
   634 | D:1      | 634 ||| UPGRADING to ring of resist corrosion.
   635 | D:1      | 635 ||| READING scroll labelled GOMOAS GOWU.
   636 | D:1      | 636 ||| READING scroll labelled LIGODD ILOMPA.
   681 | D:1      | 681 ||| READING 2 scrolls labelled IWKEANKAUDO.
   686 | D:1      | 686 ||| READING scroll labelled OKEF TITOS.
   687 | D:1      | 687 ||| DROPPING scroll of poison.
   797 | D:2      | HP: 4/24 [orc priest/divine providence (17)]
   797 | D:2      | Slain by an orc

Levels and vault maps discovered:
D:1:      lightli_arrival_lavapool, layout_basic,
          chequers_serial_rivers_large_b, wad_floor_pattern_1
D:2:      cheibrodos_pilgrimage, layout_basic

Skill      XL: |  1  2 |
---------------+-------+-----
Ranged Weapons | 3 |  3.5
Fighting       | 2 |  2.0
Dodging        | |  2.1
Spellcasting   | |  1.0
Hexes          | |  2.0

Action                     || total
---------------------------++-------
   Fire: Sling             ||    65
    Use: Scroll            ||     4
 Armour: Ring mail         ||     8
         Robe              ||     2
  Dodge: Dodged            ||    23

Table legend:
 A = Non-vault XP
 B = Vault XP
 C = Vault XP percentage of total XP
 D = Non-vault monster count
 E = Vault monster count
 F = Vault count percentage of total count
                 A         B        C        D         E       F
            +---------+---------+-------+---------+---------+-------
      Total |      40 |       0 |   0.0 |      17 |       0 |   0.0
            +---------+---------+-------+---------+---------+-------
        D:1 |      21 |       0 |   0.0 |      13 |       0 |   0.0
        D:2 |      19 |       0 |   0.0 |       4 |       0 |   0.0
            +---------+---------+-------+---------+---------+-------
